 Dungeon Crawl Stone Soup version 0.18-a0-912-g81d1dc4 (webtiles) character file.

2102 dvd the Changer (level 9, -8/39 HPs)
             Began as a Felid Transmuter on Dec 25, 2015.
             Was an Elder of Sif Muna.
             Mangled by a spatial maelstrom (15 damage)
             ... on level 3 of the Abyss.
             The game lasted 00:33:47 (9442 turns).

dvd the Changer (Felid Transmuter)                  Turns: 9442, Time: 00:33:47

Health: -8/39      AC:  6    Str:  6    XL:     9   Next: 7%
Magic:  20/20      EV: 21    Int: 24    God:    Sif Muna [****..]
Gold:   372        SH:  0    Dex: 15    Spells: 4 memorised, 8 levels left
                                        Lives:  0   Deaths: 2

rFire  . . .     SeeInvis +       - Unarmed
rCold  . . .     Gourm    .     (armour unavailable)
rNeg   . . .     Faith    .     (shield unavailable)
rPois  +         Spirit   .     (helmet unavailable)
rElec  .         Dismiss  .     (cloak unavailable)
rCorr  .         Reflect  .     (gloves unavailable)
SustAt .         Harm     .     (boots unavailable)
MR     +....                    (no amulet)
Stlth  +++.......               v - +6 ring of intelligence
                                k - ring of poison resistance

@: quick, somewhat resistant to hostile enchantments, fairly stealthy
A: no armour, no weapons or thrown items, claws 1, fangs 3, rough black scales
1, see invisible, carnivore 3, speed 1, shaggy fur 2, slow metabolism 1, sharp
paws
a: Channel Energy, Forget Spell, Renounce Religion


You were on level 3 of the Abyss.
You worshipped Sif Muna.
Sif Muna was greatly pleased with you.
You were completely stuffed.

You visited 2 branches of the dungeon, and saw 9 of its levels.
You visited the Abyss 1 time.

You collected 372 gold pieces.

Inventory:

Missiles
 m - 10 arrows of flame
Jewellery
 k - a ring of poison resistance (left paw)
 p - an uncursed ring of magical power
 q - a +4 ring of evasion
 v - a +6 ring of intelligence (right paw)
Wands
 s - a wand of random effects (20/48)
 t - a wand of slowing (27/48)
Scrolls
 a - a scroll of fog {unknown}
 d - 2 scrolls of teleportation
 e - a scroll of magic mapping
 f - 4 scrolls of remove curse
 g - a scroll of immolation
 h - 5 scrolls of identify
 n - a scroll of noise {unknown}
 o - 2 scrolls of fear {unknown}
Potions
 j - a potion of flight {unknown}
 l - a potion of agility
Books
 b - a book of Changes

   Spells                             Type                      Level
   a - Beastly Appendage              Transmutation                1
   b - Sticks to Snakes               Transmutation                2
   c - Spider Form                    Transmutation/Poison         3
   d - Ice Form                       Ice/Transmutation            4
   e - Blade Hands                    Transmutation                5
Comestibles
 c - 7 meat rations
 i - 4 beef jerkies
 r - 8 slices of pizza
 u - 7 chunks of flesh


   Skills:
 + Level 3.7 Fighting
 + Level 6.0 Dodging
 + Level 3.9 Stealth
 + Level 5.4 Unarmed Combat
 * Level 6.8 Spellcasting
 * Level 7.6 Transmutations
 * Level 3.5 Ice Magic
 + Level 3.0 Poison Magic


You had 8 spell levels left.
You knew the following spells:

 Your Spells              Type           Power        Failure   Level  Hunger
a - Beastly Appendage     Trmt           #####.       1%          1    None
b - Spider Form           Trmt/Pois      ####......   2%          3    None
c - Ice Form              Ice/Trmt       ####....     10%         4    ###....
d - Blade Hands           Trmt           #####.....   12%         5    #####..


Dungeon Overview and Level Annotations

Branches:
Dungeon (8/15)             Temple (1/1) D:6
   Lair: D:8-11

Altars:
Cheibriados
Dithmenos
Elyvilon
Fedhas
Gozag
Kikubaaqudgha
Makhleb
Nemelex Xobeh
Okawaru
Pakellas
Ru
Sif Muna
Trog
Vehumet
Xom
Yredelemnul
The Shining One

Shops:
D:6 [

Annotations:
D:6 1 runed door
D:8 Anouleth's ghost, journeyman HaEn; Gastronok


Innate Abilities, Weirdness & Mutations

You cannot wear armour.
You are incapable of wielding weapons or throwing items.
You have sharp claws.
You have razor-sharp teeth.
You have supernaturally acute eyesight.
You are carnivorous and can eat meat at any time.
You cover ground quickly.
You are covered in thick fur (AC +2).
You have a slow metabolism.
Your sharp claws are effective at attacking unaware monsters.
You are partially covered in rough black scales (AC +4, Dex -1).


Message History

Found a gateway leading deeper into the Abyss.
A hellephant comes into view.
The spatial maelstrom hits you!
You blink.
A spatial vortex comes into view.
You pounce on the helpless spatial vortex from a blind spot!
You claw the spatial vortex!
The spatial vortex is lightly damaged.
The spatial vortex hits you!!
Ouch! That really hurt!
* * * LOW HITPOINT WARNING * * *
Space bends around you.
* * * LOW HITPOINT WARNING * * *
The spatial vortex moves out of view.
Press: ? - help, v - describe, . - travel A gateway leading deeper into the Abyss.
You scratch the spatial maelstrom. You bite the spatial maelstrom.
The spatial maelstrom is lightly damaged.
The spatial maelstrom closely misses you.
The spatial maelstrom hits you!
You die...

##.# #)#.#.. ... .#
...###...###.#. ##....#.
..?.#.....##..#...... .
>..#......##....# . .
#....#......#.#.....# .
. ..........v...#.....#
#. #.
...Y...#......'.....# #.
.......#......##.......
#.
.......#..v@..#####.####
##. ...... #v......# #..
. .. .........Z.....#
#... ...
.......'.......# # ... .
. .......######### # .
.. ....... # ####### . .
# .


You could see a spatial maelstrom, 2 spatial vortices and a titan skeleton.

Vanquished Creatures
  Pikel (D:4)
  A human (D:7)
  A hog (D:7)
  Edmund (D:6)
  A water moccasin (D:7)
  Duvessa (D:6)
  A sky beast (D:6)
  3 ogres
  A black bear (D:8)
  A centaur (D:6)
  Dowan (D:6)
  6 scorpions
  A killer bee (D:6)
  5 wights (D:7)
  2 crimson imps
  2 hounds
  A jelly (D:7)
  An orc priest (D:5)
  Crazy Yiuf (D:3)
  A giant frog skeleton (D:7)
  A centaur skeleton (D:7)
  2 iguanas
  7 orc wizards
  11 worker ants
  3 sheep (D:7)
  A hound zombie (D:6)
  9 adders
  A shadow imp (D:7)
  An ooze (D:1)
  An adder zombie (D:7)
  3 worms
  An adder skeleton (D:5)
  13 orcs
  2 ball pythons
  4 giant cockroaches
  6 goblins
  8 hobgoblins
  6 kobolds
  3 quokkas
  3 bats
  4 giant geckos
  5 giant newts
  6 jackals
  7 rats
  2 butterflies (D:6)
  2 fungi (D:3)
145 creatures vanquished.

Vanquished Creatures (others)
  A hippogriff (D:7)
  A slave (D:4)
  A worker ant (D:4)
3 creatures vanquished.

Grand Total: 148 creatures vanquished

Notes
Turn   | Place    | Note
--------------------------------------------------------------
     0 | D:1      | dvd the Felid Transmuter began the quest for the Orb.
     0 | D:1      | Reached XP level 1. HP: 9/9 MP: 4/4
   109 | D:1      | Reached XP level 2. HP: 10/12 MP: 4/6
   748 | D:2      | Found a shimmering altar of Xom.
   789 | D:2      | Reached XP level 3. HP: 15/15 MP: 5/7
  1159 | D:2      | Learned a level 3 spell: Spider Form
  1206 | D:2      | Found a deep blue altar of Sif Muna.
  1212 | D:2      | Became a worshipper of Sif Muna the Loreminder
  1950 | D:3      | Found a burning altar of Makhleb.
  2067 | D:3      | Reached XP level 4. HP: 11/19 MP: 9/9
  2071 | D:3      | Gained mutation: You are partially covered in rough black scales (AC +4, Dex -1). [potion of beneficial mutation]
  3038 | D:3      | Noticed Crazy Yiuf
  3045 | D:3      | Killed Crazy Yiuf
  3075 | D:3      | Found a glowing golden altar of the Shining One.
  3147 | D:3      | Reached skill level 1 in Stealth
  3512 | D:4      | Noticed an ogre
  3526 | D:4      | Killed an ogre
  3526 | D:4      | Reached XP level 5. HP: 22/22 MP: 11/11
  3625 | D:4      | Noticed a slave
  3627 | D:4      | Noticed Pikel
  3627 | D:4      | Noticed a slave
  3630 | D:4      | Noticed a slave
  3631 | D:4      | Noticed a slave
  3691 | D:4      | Killed Pikel
  3691 | D:4      | Reached * piety under Sif Muna
  3691 | D:4      | Reached skill level 4 in Unarmed Combat
  3691 | D:4      | Reached skill level 5 in Transmutations
  3691 | D:4      | Reached skill level 1 in Poison Magic
  3691 | D:4      | Gained mutation: You are covered in thick fur (AC +2). [Felid growth]
  3691 | D:4      | Reached XP level 6. HP: 5/27 MP: 14/14
  3691 | D:4      | Reached XP level 7. HP: 5/30 MP: 15/15
  4605 | D:4      | Found a shadowy altar of Dithmenos.
  4754 | D:4      | Reached ** piety under Sif Muna
  5016 | D:5      | Entered Level 5 of the Dungeon
  5149 | D:5      | Reached skill level 5 in Spellcasting
  5577 | D:5      | Learned a level 1 spell: Beastly Appendage
  5811 | D:5      | Learned a level 4 spell: Ice Form
  5866 | D:5      | Noticed a moth of wrath
  5869 | D:5      | Found a bloodstained altar of Trog.
  6559 | D:6      | Found a sparkling altar of Nemelex Xobeh.
  6582 | D:6      | Found a runed door.
  6585 | D:6      | Found a runed door.
  6587 | D:6      | Noticed Duvessa
  6587 | D:6      | Noticed Dowan
  6604 | D:6      | Reached XP level 8. HP: 28/34 MP: 16/16
  6619 | D:6      | HP: 1/34 [poisoned by a worker ant]
  6620 | D:6      | Killed from afar by Dowan
  6621 | D:6      | Reached XP level 7. HP: -10/30 MP: 25/25
  6654 | D:6      | Killed Duvessa
  6654 | D:6      | Reached skill level 1 in Ice Magic
  6758 | D:6      | Killed Dowan
  6969 | D:6      | Reached skill level 6 in Transmutations
  7098 | D:6      | Reached XP level 8. HP: 21/34 MP: 17/17
  7290 | D:6      | Found a bloodstained altar of Trog.
  7384 | D:6      | Noticed Edmund
  7402 | D:6      | Slain by Edmund
  7403 | D:6      | Reached XP level 7. HP: 0/37 MP: 25/25
  7507 | D:6      | Found a staircase to the Ecumenical Temple.
  7513 | Temple   | Entered the Ecumenical Temple
  7902 | D:6      | Found a blossoming altar of Fedhas.
  7915 | D:6      | Reached *** piety under Sif Muna
  7930 | D:6      | Learned a level 5 spell: Blade Hands
  8029 | D:6      | Found Damam's Antique Armour Boutique.
  8045 | D:6      | Reached skill level 5 in Unarmed Combat
  8059 | D:6      | Killed Edmund
  8059 | D:6      | Reached skill level 5 in Dodging
  8109 | D:6      | Found an iron altar of Okawaru.
  8113 | D:6      | Found a basalt altar of Yredelemnul.
  8118 | D:6      | Found an ancient bone altar of Kikubaaqudgha.
  8232 | D:7      | Reached XP level 8. HP: 30/34 MP: 18/18
  8367 | D:7      | Found an oddly glowing altar of Pakellas.
  8367 | D:7      | Noticed an orange crystal statue
  8682 | D:7      | Reached skill level 7 in Transmutations
  9190 | D:8      | Reached XP level 9. HP: 39/39 MP: 14/20
  9198 | D:8      | Reached **** piety under Sif Muna
  9286 | D:8      | Noticed Gastronok
  9341 | D:8      | Noticed Anouleth's ghost (journeyman HaEn)
  9348 | D:8      | Cast into level 3 of the Abyss (Anouleth's ghost)
  9364 | Abyss:3  | Noticed a worldbinder
  9390 | Abyss:3  | Noticed an oklob plant
  9397 | Abyss:3  | Noticed a wretched star
  9432 | Abyss:3  | Noticed a spatial maelstrom
  9435 | Abyss:3  | Noticed a titan skeleton
  9439 | Abyss:3  | Noticed a hellephant
  9442 | Abyss:3  | Mangled by a spatial maelstrom

Vault maps used:
D:1:      dpeg_arrival_long_road, monster_avoids_cloud
D:2:      overflow_temple_1_default, led_sif_pool, lightli_corner_chamber
D:3:      tso_oasis_becter, first_bread, kennysheep_cross_room, bloody_makhleb,
          uniq_crazy_yiuf_cottage
D:4:      kennysheep_mini_moat, uniq_pikel
D:5:      tgw_trog
D:6:      lemuel_insect_pit, lemuel_round_altar,
          nemelex_xobeh_ov_fountains_minmay, overflow_temple_1_default,
          minmay_overflow_temple_star_quad, minmay_temple_entry_fiery,
          serial_shops, nicolae_shop_behind_doors, uniq_duvessa, uniq_edmund
D:7:      gammafunk_pakellas_statue_experiment, serial_glass, glass_columns_c,
          glass_columns_a, glass_columns_a, glass_columns_c, glass_columns_c,
          glass_columns_a, grunt_livestock
D:8:      overflow_temple_1_default, roderic_greek_sauvastika,
          kennysheep_flooded_box, centaur_isle, uniq_gastronok
Temple:   hc_temple_tempest_star_small
Abyss:3:  evilmike_abyss_exit_13, minivault_13

Action                   |  1- 3 |  4- 6 |  7- 9 || total
-------------------------+-------+-------+-------++-------
Melee: Unarmed           |    80 |    69 |   317 ||   466
 Cast: Beastly Appendage |    23 |     2 |     2 ||    27
       Spider Form       |     1 |    17 |    17 ||    35
       Ice Form          |       |       |     8 ||     8
       Blade Hands       |       |       |    12 ||    12
 Abil: End Transformatio |       |       |     1 ||     1
  Use: Potion            |     1 |     5 |     4 ||    10
       Scroll            |       |       |    10 ||    10
 Stab: Sleeping          |     3 |     2 |     7 ||    12
       Distracted        |       |       |     1 ||     1
  Eat: Chunk             |    10 |     6 |    28 ||    44
